 Dungeon Crawl Stone Soup version 0.31-a0-151-ge443d1f16c (webtiles) character file.

Game seed: 11418386003881441651

982 qw the Skirmisher (level 8, -3/51 HPs)
             Began as a Gargoyle Hunter on June 8, 2023.
             Was a Follower of Okawaru.
             Engulfed by a cloud of steam (5 damage)
             ... on level 6 of the Dungeon.
             The game lasted 00:01:50 (4108 turns).

qw the Skirmisher (Gargoyle Hunter)                 Turns: 4108, Time: 00:01:50

Health: -3/51      AC: 13    Str: 21    XL:     8   Next: 17%
Magic:  9/9        EV: 11    Int:  9    God:    Okawaru [*.....]
Gold:   232        SH:  0    Dex: 15    Spells: 7/7 levels left

rFire   . . .        a - +2 sling of the Sky {flame, Drain rPois Str+5}
rCold   . . .        (no shield)
rNeg    + . .        m - +0 ring mail
rPois   inf          e - +0 helmet
rElec   +            (no cloak)
rCorr   .            (no gloves)
SInv    +            i - +0 pair of boots
Will    .....        (no amulet)
Stlth   +            d - ring of see invisible
HPRegen 0.28/turn    (no ring)
MPRegen 0.11/turn

%: no passive effects
@: no status effects
A: sickness immunity, AC +5, negative energy resistance 1, electricity
resistance, torment resistance 1, petrification resistance
a: Renounce Religion, Heroism


You were on level 6 of the Dungeon.
You worshipped Okawaru.
Okawaru was aware of your devotion.
You visited 1 branch of the dungeon, and saw 6 of its levels.

You collected 322 gold pieces.
You spent 90 gold pieces at shops.


Innate Abilities, Weirdness & Mutations

You are immune to sickness and miasma.
Your stone body is resilient. (AC +5)
You are immune to poison.
You resist negative energy. (rN+)
You are resistant to electric shocks. (rElec)
You are resistant to unholy torment.
You are immune to petrification.


   Skills:
 - Level 5.6 Fighting
 - Level 8.0 Ranged Weapons
 - Level 2.2 Armour
 + Level 1.8 Dodging
 - Level 1.1 Stealth
 - Level 2.4 Invocations


You had 7 spell levels left.
You didn't know any spells.
Your spell library was empty.

Inventory:

Hand Weapons
 a - the +2 sling of the Sky (weapon) {flame, Drain rPois Str+5}
   (You acquired it on level 1 of the Dungeon)

   Str:       It affects your strength (+5).
   rPois:     It protects you from poison.
   Drain:     It drains your maximum health when unequipped.
Armour
 e - a +0 helmet (worn)
 i - a +0 pair of boots (worn)
 m - a +0 ring mail (worn)
Jewellery
 d - a ring of see invisible (left hand)
Scrolls
 b - 2 scrolls of identify
Potions
 f - a potion of cancellation
 g - 4 potions of might
 h - 2 potions of curing
 k - a potion of haste

Dungeon Overview and Level Annotations

Branches:
Dungeon (6/15)
 Temple: D:4-7

Altars:
Nemelex Xobeh
Okawaru
Trog
Yredelemnul
Zin

Annotations:
D:5 3 runed translucent doors, qw's ghost, novice MiHu


Message History

You shoot a sling bullet. The sling bullet hits the steam dragon.
The sling bullet burns the steam dragon.
The steam dragon is lightly wounded.
You are engulfed in a cloud of scalding steam.
The steam dragon bites you but does no damage.
The steam dragon closely misses you.
You shoot a sling bullet. The sling bullet hits the steam dragon.
The sling bullet burns the steam dragon.
The steam dragon is moderately wounded.
You are engulfed in a cloud of scalding steam.
The steam dragon bites you. The steam dragon closely misses you.
You shoot a sling bullet. The sling bullet hits the steam dragon.
The sling bullet burns the steam dragon.
The steam dragon is moderately wounded.
The steam dragon misses you. The steam dragon closely misses you.
You shoot a sling bullet. The sling bullet hits the steam dragon.
The sling bullet burns the steam dragon.
The steam dragon is heavily wounded.
The steam dragon bites you.
The steam dragon claws you but does no damage.
You shoot a sling bullet. The sling bullet hits the steam dragon!
The sling bullet burns the steam dragon.
The steam dragon is severely wounded.
The steam dragon bites you. The steam dragon claws you.
You shoot a sling bullet. The sling bullet hits the steam dragon.
The sling bullet burns the steam dragon.
The steam dragon is severely wounded.
The steam dragon closely misses you. The steam dragon barely misses you.
You shoot a sling bullet. The sling bullet hits the steam dragon.
The sling bullet burns the steam dragon.
The steam dragon is almost dead.
The steam dragon breathes steam at you. The ball of steam hits you!
You shoot a sling bullet. The sling bullet hits the steam dragon.
The sling bullet burns the steam dragon.
You kill the steam dragon!
Okawaru is honoured by your kill.
You can now gain great but temporary skills.
You are engulfed in a cloud of scalding steam.
You die...

#..#...#
#..#...####.
#...........
#....######
#..#..#
#..##.#
########.#
.......ยค##
~~~~~~~@#
..~~~..~#
.~...~/~#
.~._.~.~#
.~...~.~#
..~~~..~#
~~~~~~~.#
........#


There were no monsters in sight!

Vanquished Creatures
  2 steam dragons
  A centaur (D:4)
  A phantom (D:5)
  2 scorpions (D:4)
  3 jellies
  2 orc priests
  Terence (D:3)
  Jessica (D:3)
  An iguana (D:5)
  4 orc wizards
  Natasha (thrice) (D:3)
  Robin (D:2)
  5 adders
  A white imp (D:5)
  2 ufetubi
  A worm (D:2)
  2 dart slugs
  8 orcs
  5 endoplasms
  2 giant cockroaches
  16 goblins
  7 hobgoblins
  3 jackals (D:1)
  5 quokkas
  8 ball pythons
  5 bats
  3 frilled lizards
  6 kobolds
  6 rats
107 creatures vanquished.

Notes
Turn   | Place    | Note
-------+----------+-------------------------------------------
     0 | D:1      | qw the Gargoyle Hunter began the quest for the Orb.
     0 | D:1      | Reached XP level 1. HP: 12/12 MP: 1/1
     0 | D:1      | 0 ||| qw: Version: 0.2-a-120-gdf1a93b
     0 | D:1      | 0 ||| qw: Game counter: 3024
     0 | D:1      | 0 ||| qw: Always use a shield: true
     0 | D:1      | 0 ||| qw: God list: Okawaru
     0 | D:1      | 0 ||| qw: Allow faded altars: false
     0 | D:1      | 0 ||| qw: Do Orc after D:15 true
     0 | D:1      | 0 ||| qw: Do second Lair branch before Depths: true
     0 | D:1      | 0 ||| qw: Lair rune preference: random
     0 | D:1      | 0 ||| qw: Plans: Normal
     0 | D:1      | 0 ||| PLANNING D:1-11
   113 | D:1      | Reached XP level 2. HP: 8/17 MP: 2/2
   381 | D:1      | Found a faded altar of an unknown god.
   381 | D:1      | Noticed a crimson imp
   510 | D:1      | 510 ||| UPGRADING to +0 ring mail.
   520 | D:1      | 520 ||| DROPPING +0 leather armour.
   521 | D:1      | 521 ||| READING scroll labelled ZUODYO TYUCIC.
   522 | D:1      | 522 ||| READING scroll labelled PESUSS JEOSIO.
   522 | D:1      | Identified a scroll of acquirement
   522 | D:1      | 522 ||| ACQUIRING +2 sling of the Sky {flame, Drain rPois
                  | Str+5}
   522 | D:1      | Acquired the +2 sling of the Sky {flame, Drain rPois Str+5}
   524 | D:1      | 524 ||| SWAPPING to +2 sling of the Sky {flame, Drain rPois
                  | Str+5}.
   525 | D:1      | 525 ||| DROPPING +0 shortbow.
   526 | D:1      | 526 ||| READING scroll labelled WUTOAXEGGO.
   527 | D:1      | 527 ||| DRINKING 2 metallic pink potions.
   530 | D:1      | 530 ||| DROPPING scroll of butterflies.
   531 | D:1      | 531 ||| DROPPING potion of ambrosia.
   556 | D:2      | Reached XP level 3. HP: 21/21 MP: 3/3
   582 | D:2      | Reached skill level 1 in Armour
   620 | D:2      | Reached skill level 5 in Ranged Weapons
   627 | D:2      | Noticed Robin
   636 | D:2      | Killed Robin
   637 | D:2      | Reached XP level 4. HP: 27/27 MP: 4/4
   676 | D:2      | Reached skill level 3 in Fighting
   684 | D:2      | Found a glowing silver altar of Zin.
   980 | D:2      | 980 ||| UPGRADING to +0 helmet.
   985 | D:2      | 985 ||| READING scroll labelled HUIDUOMUWN.
   986 | D:2      | 986 ||| READING 2 scrolls labelled CIECIT YSOUC.
   987 | D:2      | 987 ||| READING 2 scrolls labelled IPNORCH JOWO.
   988 | D:2      | 988 ||| READING scroll labelled BUETRE XAPHE.
   989 | D:2      | 989 ||| DRINKING 2 black potions.
   990 | D:2      | 990 ||| DROPPING scroll of magic mapping.
   991 | D:2      | 991 ||| DROPPING scroll of fog.
  1218 | D:3      | Noticed Natasha
  1220 | D:3      | 1220 ||| FLEEEEING.
  1221 | D:3      | 1221 ||| FLEEEEING.
  1222 | D:3      | 1222 ||| FLEEEEING.
  1223 | D:3      | 1223 ||| FLEEEEING.
  1224 | D:3      | 1224 ||| FLEEEEING.
  1225 | D:3      | 1225 ||| FLEEEEING.
  1233 | D:3      | 1233 ||| FLEEEEING.
  1235 | D:3      | Killed Natasha
  1236 | D:3      | Noticed Natasha
  1244 | D:3      | Killed Natasha
  1245 | D:3      | Reached XP level 5. HP: 27/32 MP: 5/5
  1419 | D:3      | Found an iron altar of Okawaru.
  1420 | D:3      | 1420 ||| PLANNING OKAWARU WORSHIP
  1420 | D:3      | 1420 ||| READING scroll labelled WIEFEBO CUCEOHA.
  1431 | D:3      | 1431 ||| DRINKING 2 bubbling blue potions.
  1432 | D:3      | 1432 ||| READING 5 scrolls of identify.
  1432 | D:3      | 1432 ||| IDENTIFYING golden potion
  1433 | D:3      | 1433 ||| READING 4 scrolls of identify.
  1433 | D:3      | 1433 ||| IDENTIFYING fizzy green potion
  1434 | D:3      | 1434 ||| READING 3 scrolls of identify.
  1434 | D:3      | 1434 ||| IDENTIFYING bubbling amethyst potion
  1435 | D:3      | 1435 ||| READING 2 scrolls of identify.
  1435 | D:3      | 1435 ||| IDENTIFYING red potion
  1436 | D:3      | 1436 ||| DROPPING potion of invisibility.
  1437 | D:3      | 1437 ||| DROPPING potion of brilliance.
  1474 | D:3      | Became a worshipper of Warmaster Okawaru
  1474 | D:3      | 1474 ||| PLANNING D:1-11
  1531 | D:3      | Noticed Natasha
  1538 | D:3      | Killed Natasha
  1539 | D:3      | Reached skill level 6 in Ranged Weapons
  1724 | D:3      | Noticed Terence
  1746 | D:3      | Killed Terence
  2070 | D:3      | Noticed Jessica
  2072 | D:3      | Killed Jessica
  2073 | D:3      | Reached XP level 6. HP: 38/38 MP: 6/6
  2091 | D:3      | 2091 ||| UPGRADING to ring of see invisible.
  2127 | D:4      | 2127 ||| STAIRDANCE
  2181 | D:4      | 2181 ||| STAIRDANCE
  2203 | D:4      | 2203 ||| STAIRDANCE
  2245 | D:4      | 2245 ||| STAIRDANCE
  2283 | D:4      | Reached * piety under Okawaru
  2284 | D:4      | Reached skill level 7 in Ranged Weapons
  2308 | D:4      | Found a glowing silver altar of Zin.
  2311 | D:4      | Found Zin's Purification Station.
  2318 | D:4      | 2318 ||| BUYING potion of curing (90 gold).
  2318 | D:4      | Bought a potion of curing for 90 gold pieces
  2353 | D:4      | 2353 ||| INVOKING Heroism.
  2426 | D:4      | Reached XP level 7. HP: 43/43 MP: 7/7
  2485 | D:4      | Reached skill level 1 in Invocations
  2643 | D:4      | Found a sparkling altar of Nemelex Xobeh.
  2913 | D:5      | Entered Level 5 of the Dungeon
  3013 | D:5      | 3013 ||| Stepping ~*~*~tactically~*~*~ (water).
  3014 | D:5      | 3014 ||| INVOKING Heroism.
  3248 | D:5      | Noticed a steam dragon
  3249 | D:5      | 3249 ||| Stepping ~*~*~tactically~*~*~ (cloud).
  3254 | D:5      | 3254 ||| INVOKING Heroism.
  3260 | D:5      | HP: 10/43 [steam dragon/ball of steam (5)]
  3261 | D:5      | 3261 ||| READING scroll of teleportation.
  3262 | D:5      | 3262 ||| DRINKING potion of heal wounds.
  3489 | D:5      | Found a runed translucent gate.
  3490 | D:5      | Found a runed translucent gate.
  3490 | D:5      | Found a runed translucent gate.
  3499 | D:5      | Reached skill level 8 in Ranged Weapons
  3626 | D:5      | Found a bloodstained altar of Trog.
  3968 | D:5      | 3968 ||| INVOKING Heroism.
  3970 | D:5      | 3970 ||| Stepping ~*~*~tactically~*~*~ (cloud).
  3971 | D:5      | 3971 ||| Stepping ~*~*~tactically~*~*~ (cloud).
  3979 | D:5      | Killed a steam dragon
  3980 | D:5      | Reached XP level 8. HP: 43/51 MP: 7/9
  3980 | D:5      | 3980 ||| Stepping ~*~*~tactically~*~*~ (cloud).
  4037 | D:5      | Noticed qw's ghost (novice MiHu)
  4039 | D:5      | 4039 ||| UPGRADING to +0 pair of boots.
  4044 | D:5      | 4044 ||| DROPPING ring of wizardry.
  4045 | D:5      | 4045 ||| READING scroll labelled EWKICW QEULU.
  4046 | D:5      | 4046 ||| DRINKING 2 brown potions.
  4059 | D:6      | 4059 ||| INVOKING Heroism.
  4092 | D:6      | Found a basalt altar of Yredelemnul.
  4105 | D:6      | HP: 12/51 [steam dragon (4)]
  4107 | D:6      | HP: 2/51 [steam dragon/ball of steam (11)]
  4108 | D:6      | Engulfed by a cloud of steam

Levels and vault maps discovered:
D:1:      kennysheep_arrival_forest, layout_rooms,
          dreamdust_ecumenical_altar_sealed_demon, minmay_tiny_reverse_x
D:2:      layout_rooms, basic_altar, uniq_robin
D:3:      layout_basic, lemuel_tele_altar, uniq_terence, uniq_jessica,
          uniq_natasha
D:4:      layout_loops_ring, nemelex_diamond_rough_becter, zin_purify
D:5:      layout_basic, mainiacjoe_overflow_small_starburst,
          gammafunk_ghost_necromancy, grunt_decor_cap, serial_bayou_pond_a,
          saegor_snake_ambush
D:6:      layout_basic, mainiacjoe_overflow_paths,
          minmay_temple_entry_metal_lava, chequers_serial_rivers_room_a

Skill      XL: |  1  2  3  4  5  6  7  8 |
---------------+-------------------------+-----
Armour         | 1 2 |  2.2
Ranged Weapons | 5 6 7 8 |  8.0
Fighting       | 3 4 5 |  5.6
Invocations    | 2 |  2.4
Dodging        | |  1.8
Stealth        | |  1.1

Action                     |  1- 3 |  4- 6 |  7- 9 || total
---------------------------+-------+-------+-------++-------
   Fire: Shortbow          |    48 |       |       ||    48
         Sling             |    33 |   163 |   166 ||   362
 Invoke: Heroism           |       |     1 |     4 ||     5
    Use: Scroll            |     3 |     9 |     2 ||    14
         Potion            |     1 |     2 |     2 ||     5
 Armour: Leather armour    |     7 |       |       ||     7
         Ring mail         |     7 |    37 |    47 ||    91
  Dodge: Dodged            |    15 |    55 |    62 ||   132

Table legend:
 A = Non-vault XP
 B = Vault XP
 C = Vault XP percentage of total XP
 D = Non-vault monster count
 E = Vault monster count
 F = Vault count percentage of total count
                 A         B        C        D         E       F
            +---------+---------+-------+---------+---------+-------
      Total |    1430 |     164 |  10.3 |      89 |      18 |  16.8
            +---------+---------+-------+---------+---------+-------
        D:1 |      29 |       3 |   9.4 |      17 |       2 |  10.5
        D:2 |      39 |      35 |  47.3 |      15 |      11 |  42.3
        D:3 |     112 |     110 |  49.5 |      19 |       3 |  13.6
        D:4 |     418 |       0 |   0.0 |      16 |       0 |   0.0
        D:5 |     531 |      16 |   2.9 |      18 |       2 |  10.0
        D:6 |     301 |       0 |   0.0 |       4 |       0 |   0.0
            +---------+---------+-------+---------+---------+-------
